[Event "CHI-ch Women 2020"]
[Site "Las Condes"]
[Date "2020.02.11"]
[Round "1.6"]
[White "Melin Contreras, Valeria"]
[Black "Hormazabal Figueroa, Constanza Valentina"]
[Result "1-0"]
[ECO "B30"]
[WhiteElo "1685"]
[BlackElo "1786"]
[Annotator "NA RC"]
[PlyCount "73"]
[EventDate "2020.02.11"]
[EventType "tourn"]
[EventCountry "CHI"]
[SourceTitle "playchess.com"]
[Source "ChessBase"]
[SourceQuality "1"]
[TimeControl "5400+30"]

1. e4 c5 2. Nf3 Nc6 3. Bb5 e6 4. O-O Nge7 5. Re1 a6 6. Bf1 d5 7. exd5 Nxd5 8. d4 Be7 9. c4 Nf6 10. dxc5 Qxd1 11. Rxd1 Bxc5 12. Nc3 Be7 13. Bf4 O-O 14. a3 a5 15. Nb5 a4 16. Rac1 Nd7 17. Bd6 Nc5 18. Bxe7 Nxe7 19. Ne5 f6 20. Nf3 e5 21. Rc3 Bg4 22. h3 Bh5 23. g4 Bf7 24. Bg2 Rfd8 25. Rxd8+ Rxd8 26. g5 Rd1+ 27. Kh2 Nc6 28. gxf6 gxf6 29. Nh4 Rd2 30. Nf5 Rxf2 31. Nh6+ Kf8 32. Nxf7 Kxf7 33. Kg1 Rxb2 34. Bd5+ Kg7 35. Rg3+ Kh6 36. Nd6 Nd8 37. Nf5+ 1-0

[Event "CHI-ch Women 2020"]
[Site "Las Condes"]
[Date "2020.02.11"]
[Round "1.7"]
[White "Sanchez Tobar, Francisca Valentina"]
[Black "Zuniga Lara, Catalina Paz"]
[Result "0-1"]
[ECO "B09"]
[WhiteElo "1757"]
[BlackElo "1712"]
[Annotator "NA RC"]
[PlyCount "104"]
[EventDate "2020.02.11"]
[EventType "tourn"]
[EventCountry "CHI"]
[SourceTitle "playchess.com"]
[Source "ChessBase"]
[SourceQuality "1"]
[TimeControl "5400+30"]

1. e4 g6 2. d4 Bg7 3. f4 d6 4. Be3 Nf6 5. Nc3 O-O 6. Nf3 Ng4 7. Bg1 c5 8. h3 Nf6 9. Qd2 cxd4 10. Bxd4 Nc6 11. Be3 Qa5 12. g4 Qb4 13. Bd3 Qxb2 14. Rb1 Qa3 15. Rb3 Qa5 16. O-O Be6 17. Rb5 Qc7 18. f5 Bd7 19. Bh6 a6 20. Rbb1 b5 21. Bxg7 Kxg7 22. g5 Nh5 23. Nd5 Qa7+ 24. Kh2 Qc5 25. Nf4 Nxf4 26. Qxf4 f6 27. Rg1 Ne5 28. Rg2 Nxf3+ 29. Qxf3 Qe5+ 30. Kh1 Bc6 31. Qg4 fxg5 32. Qxg5 Bxe4 33. Bxe4 Qxe4 34. fxg6 hxg6 35. Qg3 Rh8 36. Kg1 Qd4+ 37. Rf2 Raf8 38. Rbf1 Rxf2 39. Rxf2 Rf8 40. Kg2 Qxf2+ 41. Qxf2 Rxf2+ 42. Kxf2 Kf6 43. Kf3 Ke5 44. Kg4 Kf6 45. Kf3 d5 46. c3 e5 47. Ke3 Kf5 48. a3 a5 49. Kf3 d4 50. cxd4 exd4 51. Ke2 Ke4 52. Kd2 b4 0-1

[Event "CHI-ch Women 2020"]
[Site "Las Condes"]
[Date "2020.02.11"]
[Round "1.9"]
[White "Reyes Jara, Paula"]
[Black "Luna Benalcazar, Gianella"]
[Result "1-0"]
[ECO "C90"]
[WhiteElo "1860"]
[BlackElo "1756"]
[Annotator "NA RC"]
[PlyCount "95"]
[EventDate "2020.02.11"]
[EventType "tourn"]
[EventCountry "CHI"]
[SourceTitle "playchess.com"]
[Source "ChessBase"]
[SourceQuality "1"]
[TimeControl "5400+30"]

1. e4 e5 2. Nf3 Nc6 3. Bc4 Nf6 4. d3 Be7 5. O-O O-O 6. c3 d6 7. h3 Na5 8. Bb5 a6 9. Ba4 b5 10. Bc2 c5 11. Nbd2 Nc6 12. Re1 h6 13. Nf1 Re8 14. Ne3 Be6 15. d4 cxd4 16. cxd4 Nxd4 17. Nxd4 exd4 18. Qxd4 Bf8 19. b3 Bc8 20. Bb2 Bb7 21. Nf5 Rc8 22. Bd3 Re6 23. Rad1 g6 24. Ng3 Bg7 25. Qb4 Nd5 26. exd5 Rxe1+ 27. Qxe1 Bxb2 28. Qe2 Be5 29. Qg4 Kh8 (29... Qg5 $17 30. Qxg5 hxg5) 30. f4 Bg7 31. f5 g5 ({Of course not} 31... Bxd5 $6 32. fxg6 Be6 33. Bf5 $14) 32. Nh5 f6 ({Not} 32... Bxd5 $2 {[#]} 33. f6 $1 $18 ) (32... Bf6 $15) 33. Qd4 Qe7 34. Be4 Qf7 35. Bf3 Re8 36. Rc1 Qd7 37. Qb6 Rc8 $2 {[%emt 0:00:28] [#]} (37... Re7 $16) 38. Re1 $1 Ba8 (38... Rf8 $142 39. Re6 Kh7 40. Rxd6 Qf7) 39. Re6 Qf7 40. Rxd6 Rf8 41. Qxa6 Qe7 42. Qb6 Qe1+ 43. Kh2 Qe5+ 44. Ng3 h5 45. Re6 Qf4 46. Re4 Qd2 $18 (46... Qb8 $142 47. Qxb8 Rxb8) 47. Nxh5 Qxa2 48. Qc7 1-0

[Event "CHI-ch Women 2020"]
[Site "Las Condes"]
[Date "2020.02.11"]
[Round "1.10"]
[White "Gomez Barrera, Javiera Belen"]
[Black "Morales Flores, Monserrat"]
[Result "1-0"]
[ECO "B41"]
[WhiteElo "2051"]
[BlackElo "1955"]
[Annotator "NA RC"]
[PlyCount "53"]
[EventDate "2020.02.11"]
[EventType "tourn"]
[EventCountry "CHI"]
[SourceTitle "playchess.com"]
[Source "ChessBase"]
[SourceQuality "1"]
[TimeControl "5400+30"]

1. e4 c5 2. Nf3 e6 3. d4 cxd4 4. Nxd4 a6 5. c4 Nf6 6. Nc3 Qc7 7. Be2 Bb4 8. Qd3 O-O {[%emt 0:01:30] B41: Sicilian: Kan Variation: 5 c4.} 9. O-O d6 10. Bg5 Nbd7 11. Nb3 b6 {[%emt 0:16:06] [#]} 12. Rac1 $146 ({Predecessor:} 12. f3 Bxc3 13. Qxc3 Bb7 14. Rfd1 d5 15. exd5 exd5 16. Rac1 Rfe8 17. Bf1 h6 18. Bh4 {1-0 (33) Gunina,V (2501)-Chinguun,S (2286) Caleta 2019}) 12... Bb7 13. f3 Ne8 14. a3 Bc5+ ({Black should try} 14... Nc5 $14 15. Nxc5 Bxc5+ 16. Kh1 a5) 15. Nxc5 bxc5 16. f4 Bc6 17. Rcd1 Ndf6 18. Bf3 Qb6 (18... h6 $16 {keeps fighting.}) 19. e5 dxe5 20. Bxc6 ({Don't play} 20. fxe5 $6 Nd7 $18) 20... Qxc6 21. fxe5 Ng4 22. Be7 Nxe5 23. Qe2 Ng6 (23... Nd7 {keeps fighting.} 24. Ne4 (24. Bxf8 Kxf8 25. g4 Kg8 $18) 24... Qc7) 24. Bxf8 Kxf8 25. Ne4 Kg8 {[%emt 0:01:40] [#]} 26. Qf3 (26. Qf2 $1 $18 f6 27. Nxc5) 26... Qc7 $2 {[%emt 0:00:28] [#]} (26... Ne5 $16 27. Qf4 f6) 27. Nf6+ $18 {[%emt 0:00:23] Qc6 Ne4 Discovered Attack} 1-0

[Event "CHI-ch Women 2020"]
[Site "Las Condes"]
[Date "2020.02.12"]
[Round "2.8"]
[White "Fuentes Inzunza, Lesly"]
[Black "Reyes Jara, Paula"]
[Result "0-1"]
[ECO "D02"]
[WhiteElo "1851"]
[BlackElo "1860"]
[Annotator "NA RC"]
[PlyCount "94"]
[EventDate "2020.02.11"]
[EventType "tourn"]
[EventCountry "CHI"]
[SourceTitle "playchess.com"]
[Source "ChessBase"]
[SourceQuality "1"]
[TimeControl "5400+30"]

1. d4 Nf6 2. Nf3 d5 3. g3 e6 4. Bg2 c5 5. e3 Nc6 6. O-O Bd6 7. b3 O-O 8. Bb2 b6 9. Nbd2 Bb7 10. Ne5 $11 {[%emt 0:10:10] D02: 1 d4 d5 2 Nf3 sidelines, including 2...Nf6 3 g3 and 2...Nf6 3 Bf4.} Nd7 {[%emt 0:07:48] [#]} 11. Nxc6 $146 ({Predecessor:} 11. Nxd7 Qxd7 12. c4 Be7 13. Nf3 Rfd8 14. cxd5 exd5 15. Qd2 Rac8 16. Rfd1 Ba6 17. Bc3 Qf5 {0-1 (57) Jiang,Z (2011)-Xu,Y (2171) Qinhuangdao 2017}) 11... Bxc6 12. c4 Rc8 13. Rc1 Qg5 14. e4 cxd4 ({Black should try} 14... dxe4 $1 $14 15. Bxe4 (15. Nxe4 Bxe4 16. Bxe4 cxd4 $14) 15... cxd4) 15. f4 (15. exd5 $16 exd5 16. Nf3 {[%mdl 64] Double Attack} (16. Bxd4 Be7 $16)) 15... Qg6 16. exd5 exd5 17. cxd5 Bb5 18. Nc4 d3 19. f5 Bc5+ 20. Kh1 Qh6 21. Qxd3 Rfe8 22. Rce1 Nf6 (22... Bd6 $11 {keeps the balance.}) 23. Rxe8+ Rxe8 24. Bxf6 Qxf6 25. Qc2 Qd4 26. Rd1 Qg4 27. a4 Re2 (27... Bd7 $15 28. Rf1 Qd4) 28. Qd3 ({White should play} 28. h3 $14 Qh5 29. g4 Rxc2 30. gxh5 Bxa4 31. Ne5 (31. bxa4 Rxc4 32. d6 Rd4 $11)) 28... Bxc4 $1 29. bxc4 Re3 30. Qf1 (30. Qd2 $5 Bd6 31. a5 $11 (31. Qxe3 Qxd1+ {[%mdl 64] Double Attack} 32. Qg1 Qxa4 $17)) 30... Bd6 $1 31. Rc1 Qh5 32. Kg1 {[%emt 0:00:32] [#]} (32. Bh3 $17 {is a better defense.}) 32... Bc5 (32... Rxg3 $1 $19 33. c5 (33. hxg3 Bc5+) 33... Bxc5+ 34. Rxc5 Rxg2+ 35. Qxg2 Qd1+ 36. Kf2 Qd4+ 37. Ke2 bxc5) 33. Kh1 Rxg3 34. Re1 $1 ({Don't play} 34. Qf4 Rg4 $17) 34... f6 $2 (34... h6 $11) 35. Re8+ Qxe8 36. hxg3 Qxa4 37. Qe2 Qa1+ 38. Kh2 Qg1+ 39. Kh3 Qe3 $1 40. Qxe3 Bxe3 41. d6 Kf8 42. Bc6 $15 Bc5 43. d7 Ke7 44. Kg4 Bd6 45. Kf3 Bc7 46. g4 Kd6 47. Ke4 Kxc6 {[%emt 0:00:09] Ke5} 0-1

[Event "CHI-ch Women 2020"]
[Site "Las Condes"]
[Date "2020.02.12"]
[Round "2.10"]
[White "Melin Contreras, Valeria"]
[Black "Sanchez Tobar, Francisca Valentina"]
[Result "0-1"]
[ECO "C22"]
[WhiteElo "1685"]
[BlackElo "1757"]
[Annotator "NA RC"]
[PlyCount "76"]
[EventDate "2020.02.11"]
[EventType "tourn"]
[EventCountry "CHI"]
[SourceTitle "playchess.com"]
[Source "ChessBase"]
[SourceQuality "1"]
[TimeControl "5400+30"]

1. e4 e5 2. d4 exd4 3. Qxd4 Nc6 4. Qe3 Nf6 5. Nc3 Bb4 6. Bd2 O-O 7. O-O-O Re8 8. Qg3 Rxe4 9. a3 Rg4 10. Qe3 Ba5 11. h3 Rd4 12. Nf3 Bxc3 13. Bxc3 Nd5 14. Qe1 Rxd1+ 15. Kxd1 d6 16. Bd2 Bf5 17. Bc4 Nf6 18. Nh4 Bd7 19. f4 Qf8 20. Bd3 d5 21. Qf2 Re8 22. Re1 Ne4 23. Bxe4 dxe4 24. Bc3 f5 25. Kc1 Qe7 26. Re3 Rf8 27. Nf3 Be6 28. Ne5 Nxe5 29. Bxe5 b6 30. Rg3 g6 31. Rg5 Kf7 32. Qh4 Kg8 33. Qf2 Qd7 34. h4 Kf7 35. h5 Rd8 36. hxg6+ hxg6 37. b3 Qd1+ 38. Kb2 Rd2 0-1

[Event "CHI-ch Women 2020"]
[Site "Las Condes"]
[Date "2020.02.13"]
[Round "3.6"]
[White "Sanchez Tobar, Francisca Valentina"]
[Black "Hormazabal Figueroa, Constanza Valentina"]
[Result "1/2-1/2"]
[ECO "B24"]
[WhiteElo "1757"]
[BlackElo "1786"]
[Annotator "NA RC"]
[PlyCount "98"]
[EventDate "2020.02.11"]
[EventType "tourn"]
[EventCountry "CHI"]
[SourceTitle "playchess.com"]
[Source "ChessBase"]
[SourceQuality "1"]
[TimeControl "5400+30"]

1. e4 c5 2. Nc3 Nc6 3. g3 g6 4. Bg2 Bg7 5. f4 e6 6. Nf3 Nge7 7. O-O O-O 8. d3 a6 9. Rb1 b5 10. Be3 b4 11. Ne2 Qa5 12. e5 Rd8 13. Nd2 Nf5 14. Bf2 Qb5 15. Ne4 Bf8 16. g4 Ng7 17. Nf6+ Kh8 18. Ng3 d5 19. g5 Ne8 20. Ng4 Ne7 21. h4 Nf5 22. h5 Ra7 23. Nxf5 exf5 24. Nh2 Nc7 25. Bf3 Ne6 26. Be3 Rad7 27. Kf2 d4 28. Bd2 a5 29. b3 a4 30. Kg3 Ra7 31. Rh1 Bb7 32. hxg6 fxg6 33. Nf1 Rda8 34. Kf2 axb3 35. axb3 Qd7 36. Rh4 Ra2 37. Bc1 Kg8 38. Bb2 Qe7 39. Kg3 Bxf3 40. Qxf3 Nc7 41. Nd2 Qe6 42. Qh1 Qd7 43. Nc4 R8a6 44. Qh2 Nd5 45. Rh1 Ra7 46. Bc1 R2a6 47. Qg2 Qe6 48. R1h2 Rd7 49. Qh1 Raa7 1/2-1/2

[Event "CHI-ch Women 2020"]
[Site "Las Condes"]
[Date "2020.02.13"]
[Round "3.8"]
[White "Reyes Jara, Paula"]
[Black "Zuniga Lara, Catalina Paz"]
[Result "1/2-1/2"]
[ECO "B08"]
[WhiteElo "1860"]
[BlackElo "1712"]
[Annotator "NA RC"]
[PlyCount "36"]
[EventDate "2020.02.11"]
[EventType "tourn"]
[EventCountry "CHI"]
[SourceTitle "playchess.com"]
[Source "ChessBase"]
[SourceQuality "1"]
[TimeControl "5400+30"]

1. e4 g6 2. d4 Bg7 3. Nf3 d6 4. Be2 Nd7 5. O-O Ngf6 6. Nc3 O-O 7. Bg5 h6 8. Bf4 Nh5 9. Be3 e5 10. Qd2 Kh7 11. dxe5 dxe5 12. Rad1 c6 13. Nxe5 $2 (13. Rfe1 $14 {stays ahead.}) 13... Bxe5 14. Bxh5 Qh4 ({Black should try} 14... gxh5 $19 15. f4 Bg7) 15. Bxg6+ (15. f4 $15 Bxc3 16. Qxc3 Qxh5 17. f5) 15... fxg6 16. f4 Bxc3 (16... Bg7 $17 17. e5 Nb6) 17. Qxc3 Nf6 18. g3 $2 {[%emt 0:08:15] [#]} (18. Bf2 $11 {and White stays safe.} Qg4 19. Qb4) 18... Qh5 $19 ({Stronger than} 18... Nxe4 19. Qb4 $11 (19. gxh4 Nxc3 20. bxc3 b6 $11)) 1/2-1/2

[Event "CHI-ch Women 2020"]
[Site "Las Condes"]
[Date "2020.02.14"]
[Round "4.6"]
[White "Hormazabal Figueroa, Constanza Valentina"]
[Black "Luna Benalcazar, Gianella"]
[Result "0-1"]
[ECO "A50"]
[WhiteElo "1786"]
[BlackElo "1756"]
[Annotator "NA RC"]
[PlyCount "86"]
[EventDate "2020.02.11"]
[EventType "tourn"]
[EventCountry "CHI"]
[SourceTitle "playchess.com"]
[Source "ChessBase"]
[SourceQuality "1"]
[TimeControl "5400+30"]

1. d4 Nf6 2. Nf3 g6 3. c4 Bg7 4. Nc3 b6 5. g3 Bb7 6. Bg2 O-O 7. O-O d6 8. Qc2 e6 9. Rd1 Qe7 10. e4 Ne8 11. Bg5 f6 12. Be3 Nd7 13. Qd2 Rd8 14. Bh6 Ba8 15. Rac1 Kh8 16. Be3 Rb8 17. Ne1 f5 18. Bg5 Qf7 19. exf5 gxf5 20. Bxa8 Rxa8 21. Ng2 e5 22. dxe5 Nxe5 23. Qe2 Nxc4 24. Be7 Rg8 25. Nd5 Nxb2 26. Rd2 c5 27. Ngf4 Na4 28. Qc4 b5 29. Qxb5 Nc3 30. Qc6 Nxd5 31. Nxd5 Rb8 32. Bxd6 Nxd6 33. Qxd6 Bd4 34. Nf4 Rb6 35. Qd5 Qf6 36. Nh5 Qh6 37. Rxd4 Qxc1+ 38. Rd1 Qb2 39. Rd2 Qc3 40. Rd3 Rb1+ 41. Kg2 Qe1 42. Kh3 Qf1+ 43. Qg2 Qxd3 0-1

[Event "CHI-ch Women 2020"]
[Site "Las Condes"]
[Date "2020.02.14"]
[Round "4.9"]
[White "Melin Contreras, Valeria"]
[Black "Reyes Jara, Paula"]
[Result "1-0"]
[ECO "C44"]
[WhiteElo "1685"]
[BlackElo "1860"]
[Annotator "NA RC"]
[PlyCount "65"]
[EventDate "2020.02.11"]
[EventType "tourn"]
[EventCountry "CHI"]
[SourceTitle "playchess.com"]
[Source "ChessBase"]
[SourceQuality "1"]
[TimeControl "5400+30"]

1. e4 e5 2. Nf3 Nc6 3. c3 Nf6 4. d4 exd4 5. e5 Nd5 6. cxd4 Bb4+ 7. Bd2 Bxd2+ 8. Qxd2 Qe7 {[%emt 0:00:51] C44: Ponziani Opening and Scotch Gambit.} 9. Bc4 Nb6 10. Bb3 O-O 11. O-O d6 12. Re1 Bg4 {[%emt 0:02:25] [#]} 13. Ng5 $146 ({Predecessor:} 13. exd6 Qxd6 14. Ne5 Nxe5 15. dxe5 Qg6 16. Bc2 f5 17. Kh1 Rad8 18. Qc3 c6 19. e6 {0-1 (67) Muhren,Y-Hommes,E Hengelo 2002}) 13... Nxd4 ({Better is} 13... h6 $15 14. Ne4 dxe5 15. dxe5 Qxe5) 14. Bxf7+ Kh8 15. Re4 Ne6 $2 (15... dxe5 $11 16. Rxg4 Rad8) 16. Bxe6 Bxe6 17. exd6 Qd7 18. Rxe6 Rf5 19. Re7 Qb5 20. Nf7+ Kg8 21. Nc3 Qc5 22. Ne4 Qb5 23. a4 Qd5 {[%emt 0:07:08] [#]} 24. Nh6+ $1 gxh6 25. Qxh6 Qf7 26. Rxf7 (26. Ra3 $142 Kh8 {[#]} 27. Ng5 $1 Rxg5 28. Rxf7 Rxg2+ 29. Kxg2 Rg8+ 30. Kf1 $1 Rg1+ 31. Kxg1 cxd6 32. Qxh7#) 26... Rxf7 27. Ng5 Rg7 28. Re1 cxd6 29. Qe6+ Kh8 30. Nf7+ Kg8 31. Nxd6+ Kh8 32. Nf5 Rd7 33. Qe8+ 1-0

[Event "CHI-ch Women 2020"]
[Site "Las Condes"]
[Date "2020.02.15"]
[Round "5.7"]
[White "Reyes Jara, Paula"]
[Black "Sanchez Tobar, Francisca Valentina"]
[Result "1/2-1/2"]
[ECO "C60"]
[WhiteElo "1860"]
[BlackElo "1757"]
[Annotator "NA RC"]
[PlyCount "48"]
[EventDate "2020.02.11"]
[EventType "tourn"]
[EventCountry "CHI"]
[SourceTitle "playchess.com"]
[Source "ChessBase"]
[SourceQuality "1"]
[TimeControl "5400+30"]

1. e4 e5 2. Nf3 Nc6 3. Bb5 g6 4. Nc3 Bg7 5. d3 Nge7 6. Bg5 h6 7. Be3 a6 8. Bxc6 Nxc6 9. Qd2 $15 d6 10. O-O-O Bg4 11. h3 Bxf3 12. gxf3 Qd7 13. f4 O-O-O 14. Nd5 Ne7 15. c4 Kb8 16. fxe5 dxe5 17. Bc5 Nxd5 18. exd5 c6 19. d6 Qe6 20. Qa5 Rxd6 21. Bxd6+ Qxd6 22. Qb6 h5 23. Kc2 Qe6 24. Rde1 Qf5 1/2-1/2

[Event "CHI-ch Women 2020"]
[Site "Las Condes"]
[Date "2020.02.15"]
[Round "5.10"]
[White "Luna Benalcazar, Gianella"]
[Black "Fuentes Inzunza, Lesly"]
[Result "0-1"]
[ECO "D55"]
[WhiteElo "1756"]
[BlackElo "1851"]
[Annotator "NA RC"]
[PlyCount "76"]
[EventDate "2020.02.11"]
[EventType "tourn"]
[EventCountry "CHI"]
[SourceTitle "playchess.com"]
[Source "ChessBase"]
[SourceQuality "1"]
[TimeControl "5400+30"]

1. d4 d5 2. c4 e6 3. Nc3 Be7 4. Nf3 Nf6 5. Bg5 O-O 6. Qc2 h6 $11 7. Bxf6 Bxf6 8. e3 b6 9. cxd5 exd5 10. Bd3 Bb7 11. g4 c5 12. O-O-O cxd4 13. exd4 Qd6 14. Qd2 Nc6 15. Bb5 Bc8 16. Rdg1 Nxd4 17. Qe3 Nxb5 18. Nxb5 Qb4 19. Nbd4 Ba6 20. Kb1 Rfe8 21. Qb3 Qxb3 22. axb3 Bd3+ 23. Kc1 Be4 24. Kd2 Bxd4 25. Nxd4 Bxh1 26. Rxh1 Re4 27. Nf5 Rxg4 28. Ne3 Rf4 29. Rf1 Rd8 30. f3 h5 31. Ng2 Rb4 32. Rf2 Rxb3 33. Kc2 Rb4 34. Kc3 a5 35. Rd2 d4+ 36. Kd3 Rb3+ 37. Ke4 Re8+ 38. Kf4 d3 0-1

[Event "CHI-ch Women 2020"]
[Site "Las Condes"]
[Date "2020.02.15"]
[Round "6.6"]
[White "Hormazabal Figueroa, Constanza Valentina"]
[Black "Fuentes Inzunza, Lesly"]
[Result "1/2-1/2"]
[ECO "B15"]
[WhiteElo "1786"]
[BlackElo "1851"]
[Annotator "NA RC"]
[PlyCount "136"]
[EventDate "2020.02.11"]
[EventType "tourn"]
[EventCountry "CHI"]
[SourceTitle "playchess.com"]
[Source "ChessBase"]
[SourceQuality "1"]
[TimeControl "5400+30"]

1. e4 c6 2. d4 d5 3. Nc3 dxe4 4. Nxe4 Nf6 5. Nxf6+ exf6 6. c3 Bf5 7. Be3 {[%emt 0:03:23] B15: Caro-Kann: 3 Nc3: 3...g6 and 3...dxe4 4 Nxe4 Nf6 5 Nxf6+ exf6.} Bd6 8. Bc4 O-O {[%emt 0:00:48] [#]} 9. Ne2 $146 ({Predecessor:} 9. Nf3 Nd7 10. Nh4 Be4 11. Qg4 Re8 12. Nf5 Bxf5 13. Qxf5 Nb6 14. Bd3 g6 15. Qf3 {0-1 (60) Shailesh,D (2171)-Kunal,M (2354) Mumbai 2016}) 9... Qc7 10. Ng3 Bg6 11. Qf3 Nd7 12. O-O-O b5 13. Bb3 a5 14. Bc2 Nb6 15. Nf5 b4 16. h4 bxc3 $2 {[%emt 0:02:51] [#]} (16... Bxf5 $1 $15 {stays ahead.} 17. Qxf5 g6 18. Qxf6 Nd5 {[%mdl 64] Double Attack}) 17. h5 $1 cxb2+ 18. Kb1 Bxf5 19. Qxf5 g6 20. hxg6 fxg6 {[%emt 0:00:12] [#]} 21. Bb3+ $2 (21. Qe6+ $1 $18 Rf7 22. Rxh7 Kxh7 23. Rh1+ Kg8 24. Bxg6 {[%mdl 64] Pin}) 21... Nd5 22. Bxd5+ (22. Qc2 $17) 22... cxd5 23. Qxd5+ Kh8 24. g3 {[%emt 0:02:38] [#]} g5 $1 25. Rh6 $2 (25. Qe4 Rae8 26. Qc2) 25... Rac8 26. Qf5 Kg8 (26... Ba3 $142 27. Rhh1 Qb7 28. Qc2 Rxc2 29. Kxc2 Rc8+ 30. Kd3 Qb5+ 31. Ke4 f5+ 32. Kf3 Qd5+ {[%mdl 64] Double Attack} 33. Ke2 Rc2+ 34. Rd2 Rxd2+ 35. Kxd2 Qxh1 36. Bxg5 b1=Q 37. Bf6+ Kg8 38. Ke3 Qhe4+ 39. Kd2 Qee1#) 27. f4 Rf7 (27... Ba3 $142 28. Rhh1 Qb7 29. Qxh7+ Qxh7+ 30. Rxh7 Kxh7 31. Rh1+ Kg6 32. Bd2 Rc4 33. fxg5 fxg5 34. Re1 {[#]} Re8 $1 35. Rf1 Rb8 36. Rf6+ Kxf6 37. g4 Rc1+ {[%mdl 64] Back Rank} 38. Bxc1 bxc1=Q#) 28. fxg5 $2 (28. Rh2 Ba3 29. Rc2 Qxc2+ 30. Qxc2 Rxc2 31. Kxc2) 28... fxg5 (28... Ba3 $142 29. Qc5 Bxc5 30. a4 {[#]} Bxd4 $1 31. Rh2 Bxe3 32. Rxb2 fxg5 33. Re1 Qc4 34. Rd1 Bd4 35. Re1 Rf2 36. Re8+ Rxe8 37. Re2 Rfxe2 38. g4 Re1#) 29. Qxg5+ Kh8 $2 (29... Rg7 $19 30. Qf5 Ba3 31. Qe6+ Kh8 32. Rxh7+ Rxh7 33. Qf6+ Qg7) 30. Rh2 {[%emt 0:01:30] [#]} Rg8 $2 ({Weaker is} 30... Bxg3 31. Rxb2 Qc3 32. Qg4 $11 (32. Qxg3 Qd3+ {[%mdl 64] Double Attack} 33. Ka1 Qxd1+ 34. Rb1 Qf3 $17)) (30... Ba3 $1 $19 31. Qe5+ Kg8 32. Qxc7 Rfxc7 33. Rxb2 Bxb2 34. Kxb2 Rc2+ 35. Ka1 R8c3) 31. Qh6 {[%emt 0:06:31] [#]} (31. Qd5 $11) 31... Bxg3 (31... Qe7 $1 $17 32. d5 Qe4+ 33. Rc2 Be5) 32. Rxb2 Bf4 33. Bxf4 Qxf4 34. Qe6 Qf5+ 35. Qxf5 Rxf5 36. d5 Rd8 37. Rb5 a4 38. Kb2 Rf2+ 39. Ka3 Kg7 40. Rb7+ (40. d6 $14) 40... Kg6 41. d6 h5 42. d7 h4 43. Rc7 h3 44. Rc8 Rff8 45. Rxd8 (45. Rg1+ $1 $14 Kh5 46. Rc5+ Kh4 47. Rc4+ {[%mdl 64] Double Attack} Kh5 48. Rc5+ Kh4 49. Rc6) 45... Rxd8 46. Kxa4 h2 47. Rh1 Rxd7 48. Rxh2 Ra7+ $2 ({Black should play} 48... Rd8 $14) 49. Kb5 Ra3 50. Kb4 Rg3 $2 (50... Rf3 51. Rd2 Rf4+ 52. Ka5 Rf5+ 53. Kb6 Rf4) 51. a4 Kf6 52. a5 Ke6 53. Rd2 $2 (53. a6 {mates} Rg8 54. a7 Ra8 55. Rh6+ Ke5 56. Ra6 Kd5 57. Kb5 Kd4 58. Ra4+ Kc3 59. Kb6) 53... Rg1 54. a6 Ra1 55. Kb5 Rb1+ 56. Kc6 Rc1+ 57. Kb7 Rb1+ 58. Ka7 Rb3 $2 {[%emt 0:00:47] [#]} (58... Ke7 59. Ka8 Ke8) 59. Rd8 $1 Ke7 {[%emt 0:00:15] [#]} 60. Rb8 $1 Ra3 61. Kb7 (61. Rb5 $142 Rd3 62. Kb7 Rd7+ 63. Kb6 Kd6 64. a7 Rd8 65. Kb7 Ke7 66. a8=Q) 61... Rb3+ 62. Ka8 Ra3 63. a7 (63. Rb6 $142 Kd7 64. Kb7 Rc3 65. a7 Rc7+ 66. Ka6 Rc8 67. Rb8 Rc6+ 68. Kb5) 63... Kd7 64. Rb4 $2 (64. Kb7 {mates} Ke6 65. a8=Q Rxa8 66. Rxa8 Kd5 67. Ra5+ Ke4 68. Kc6 Kd4 69. Ra4+ Kd3 70. Kd5) 64... Kc7 65. Rg4 Rh3 66. Rg7+ Kc8 67. Rg2 Rc3 $11 68. Rg7 Rc2 1/2-1/2

[Event "CHI-ch Women 2020"]
[Site "Las Condes"]
[Date "2020.02.15"]
[Round "6.7"]
[White "Zuniga Lara, Catalina Paz"]
[Black "Luna Benalcazar, Gianella"]
[Result "1/2-1/2"]
[ECO "D37"]
[WhiteElo "1712"]
[BlackElo "1756"]
[Annotator "NA RC"]
[PlyCount "59"]
[EventDate "2020.02.11"]
[EventType "tourn"]
[EventCountry "CHI"]
[SourceTitle "playchess.com"]
[Source "ChessBase"]
[SourceQuality "1"]
[TimeControl "5400+30"]

1. d4 d5 2. Nf3 Nf6 3. c4 e6 4. Nc3 Be7 5. Bf4 O-O 6. h3 b6 7. cxd5 Nxd5 8. Bh2 Bb7 9. e3 c5 10. Bd3 cxd4 11. exd4 Nd7 12. O-O N7f6 13. Rc1 Rc8 14. Nxd5 Bxd5 15. Qa4 Rxc1 16. Rxc1 Bxf3 17. gxf3 Qd5 18. Rc3 Qg5+ 19. Kf1 Nd5 20. Rc6 Nb4 21. Rc3 Nxd3 22. Rxd3 Qc1+ 23. Kg2 Qxb2 24. Qxa7 Qc2 25. Re3 Bh4 26. Bg3 Bxg3 27. Kxg3 h5 28. Qxb6 h4+ 29. Kg2 Qxa2 30. Re4 1/2-1/2

[Event "CHI-ch Women 2020"]
[Site "Las Condes"]
[Date "2020.02.16"]
[Round "7.6"]
[White "Reyes Jara, Paula"]
[Black "Hormazabal Figueroa, Constanza Valentina"]
[Result "1-0"]
[ECO "B13"]
[WhiteElo "1860"]
[BlackElo "1786"]
[Annotator "NA RC"]
[PlyCount "64"]
[EventDate "2020.02.11"]
[EventType "tourn"]
[EventCountry "CHI"]
[SourceTitle "playchess.com"]
[Source "ChessBase"]
[SourceQuality "1"]
[TimeControl "5400+30"]

1. e4 c6 2. d4 d5 3. exd5 cxd5 4. Bd3 Nc6 5. Ne2 Bg4 6. c3 Qc7 7. Qb3 {[%emt 0:02:34] 7.0-0 is becoming the main line. B13: Caro-Kann: Exchange Variation and Panov-Botvinnik Attack.} e6 8. Bf4 Bd6 9. Bxd6 Qxd6 10. Ng3 {[%emt 0:00:50] [#]} Nge7 $146 ({Predecessor:} 10... e5 11. Bf5 Bxf5 12. Nxf5 Qg6 13. Nxg7+ Kf8 14. Nh5 {½-½ (14) Proksch,G (2079)-Stumpf,H (2245) Bad Woerishofen 2001}) 11. h3 Bf5 $1 12. Nxf5 ({But not} 12. Qxb7 Rb8 $17) 12... Nxf5 13. Bxf5 exf5 14. O-O O-O 15. Nd2 a6 16. Rae1 b5 17. Nf3 Rfe8 18. Rxe8+ Rxe8 19. Re1 Re4 20. a4 b4 21. Rc1 g6 22. cxb4 Nxd4 23. Rc8+ (23. Nxd4 $11 {was the only way to keep the balance.} Rxd4 24. b5) 23... Kg7 24. Qc3 {[%emt 0:00:20] [#]} Qf6 (24... Qxb4 $1 $17 25. Nxd4 (25. Qxb4 Nxf3+) 25... Qxd4) 25. Nxd4 Qxd4 26. Rc5 Kh6 27. Qxd4 Rxd4 28. b5 axb5 29. Rxb5 Rxa4 30. Rxd5 Ra1+ 31. Kh2 Rb1 $11 32. Rb5 Kg7 1-0

[Event "CHI-ch Women 2020"]
[Site "Las Condes"]
[Date "2020.02.16"]
[Round "7.9"]
[White "Luna Benalcazar, Gianella"]
[Black "Melin Contreras, Valeria"]
[Result "1-0"]
[ECO "B07"]
[WhiteElo "1756"]
[BlackElo "1685"]
[Annotator "NA RC"]
[PlyCount "45"]
[EventDate "2020.02.11"]
[EventType "tourn"]
[EventCountry "CHI"]
[SourceTitle "playchess.com"]
[Source "ChessBase"]
[SourceQuality "1"]
[TimeControl "5400+30"]

1. e4 d6 2. d4 Nf6 3. Nc3 g6 4. Be2 Bg7 5. Be3 O-O 6. g4 c6 7. g5 Nfd7 8. h4 b5 9. Bf3 Nb6 10. Qe2 b4 11. Nd1 a5 12. Qf1 Ba6 13. Qh3 Nc4 14. h5 e5 15. hxg6 fxg6 16. Qxh7+ Kf7 17. Rh6 Rh8 18. Qxg6+ Kf8 19. Qf5+ Kg8 20. Qe6+ Kf8 21. g6 Qf6 22. Rxh8+ Bxh8 23. Bh6+ 1-0